 Dungeon Crawl Stone Soup version 0.28-a0-1002-gf00fe891ef (webtiles) character file.

Game seed: 3127712015926243897

18 Umoon the Ducker (level 2, -2/23 HPs)
             Began as a Demonspawn Gladiator on Dec 6, 2021.
             Succumbed to a scorpion's poison
             ... on level 4 of the Dungeon.
             The game lasted 00:00:49 (1139 turns).

Umoon the Ducker (Demonspawn Gladiator)             Turns: 1139, Time: 00:00:49

Health: -2/23      AC:  4    Str: 14    XL:     2   Next: 51%
Magic:  2/2        EV: 12    Int:  9    God:
Gold:   148        SH:  0    Dex: 16    Spells: 1/1 levels left

rFire   . . .      SeeInvis .   a - +0 rapier
rCold   . . .      Faith    .   (no shield)
rNeg    . . .      Spirit   .   b - +0 leather armour
rPois   .          Reflect  .   c - +0 helmet
rElec   .          Harm     .   (no cloak)
rCorr   .          Rampage  .   (no gloves)
Will    .....                   (no boots)
Stlth   ++........              (no amulet)
HPRegen 0.07/turn               (no ring)
MPRegen 0.08/turn               (no ring)

@: lethally poisoned (-2 -> -17)
A: thin skeletal structure 1
a: no special abilities


You were on level 4 of the Dungeon.
You visited 1 branch of the dungeon, and saw 3 of its levels.

You collected 148 gold pieces.

Inventory:

Hand Weapons
 a - a +0 rapier (weapon)
Missiles
 d - 3 throwing nets (quivered)
Armour
 b - a +0 leather armour (worn)
 c - a +0 helmet (worn)
Jewellery
 g - a +4 ring of slaying
 i - a +4 ring of evasion
Scrolls
 e - a scroll of fear {unknown}
 f - a scroll of magic mapping {unknown}
 h - a scroll of identify {unknown}
Potions
 j - a potion of attraction {unknown}
 k - a potion of heal wounds {unknown}
 l - a potion of lignification {unknown}


   Skills:
 + Level 2.4 Fighting
 - Level 2.6 Short Blades
 - Level 1.7 Throwing
 + Level 1.0 Armour
 + Level 3.0 Dodging


You had one spell level left.
You didn't know any spells.
Your spell library was empty.

Dungeon Overview and Level Annotations

Branches:
Dungeon (2/15)

Altars:


Innate Abilities, Weirdness & Mutations

You have a somewhat thin skeletal structure. (Dex +2, Stealth+)


Message History

A scorpion comes into view.
A scorpion is nearby!
The helpless scorpion fails to defend itself.
You hit the scorpion.
The scorpion is moderately wounded.
The scorpion stings you.
You are poisoned.
The scorpion poisons you!
You hit the scorpion but do no damage.
The scorpion is moderately wounded.
You feel very sick. The scorpion closely misses you.
You closely miss the scorpion.
The scorpion is moderately wounded.
You feel sick.
The scorpion stings you but does no damage.
The scorpion closely misses you.
You are too injured to fight recklessly!
You closely miss the scorpion.
The scorpion is moderately wounded.
You feel sick. The scorpion completely misses you.
You hit the scorpion.
The scorpion is moderately wounded.
You feel sick.
The scorpion stings you but does no damage.
You closely miss the scorpion.
The scorpion is moderately wounded.
You feel sick. The scorpion stings you.
* * * LOW HITPOINT WARNING * * *
You are lethally poisoned!
The scorpion poisons you!
The scorpion stings you but does no damage.
You barely miss the scorpion.
The scorpion is moderately wounded.
* * * LOW HITPOINT WARNING * * *
You feel very sick. The scorpion closely misses you.
You hit the scorpion but do no damage.
The scorpion is moderately wounded.
You die...

#...# #...##...## #...
....# #..####..#
#..).#...## ##.........#
##........[.##
#............#
###..........@#
#.............s#
####..................
#................##.#..
..................#####.
).................###...
..................#.....
###...................#
#..............##...#


You could see a scorpion.

Vanquished Creatures
  A dart slug (D:4)
  2 ball pythons
  2 giant cockroaches (D:2)
  2 goblins
  2 hobgoblins
  A quokka (D:1)
  2 bats (D:1)
  2 frilled lizards
  2 rats (D:1)
16 creatures vanquished.

Notes
Turn   | Place    | Note
-------+----------+-------------------------------------------
     0 | D:1      | Umoon the Demonspawn Gladiator began the quest for the Orb.
     0 | D:1      | Reached XP level 1. HP: 16/16 MP: 1/1
   871 | D:2      | Gained mutation: You have a somewhat thin skeletal
                  | structure. (Dex +2, Stealth+) [demonic ancestry]
   871 | D:2      | Reached XP level 2. HP: 22/22 MP: 2/2
   988 | D:2      | Reached skill level 3 in Dodging
  1069 | D:2      | You fall into a shaft and drop 2 floors!
  1085 | D:4      | Reached skill level 1 in Armour
  1125 | D:4      | Noticed a scorpion
  1139 | D:4      | Succumbed to a scorpion's poison

Illustrated notes

Levels and vault maps discovered:
D:1:      minmay_arrival_split_and_join, layout_basic, serial_aquarium,
          aquarium_bridge_square [aquarium_subvault_balcony,
          aquarium_subvault_window, aquarium_subvault_balcony,
          aquarium_subvault_bridge], aquarium_bridge_straight
          [aquarium_subvault_bridge, aquarium_subvault_balcony,
          aquarium_subvault_bridge, aquarium_subvault_window],
          aquarium_window_corridor_1, aquarium_window_1, aquarium_view_2d,
          aquarium_view_2b, minmay_misc_feat_diagonals
D:2:      layout_loops_corners, basic_altar, kennysheep_potato
D:4:      layout_cave_pools, mainiacjoe_overflow_alcove_4,
          minmay_temple_entry_overgrown, serial_shops, shop

Skill      XL: |  1  2 |
---------------+-------+-----
Dodging        | 3 |  3.0
Armour         | 1 |  1.0
Fighting       | |  2.4
Short Blades   | |  2.6
Throwing       | |  1.7

Action                   || total
-------------------------++-------
Melee: Rapier            ||    39
 Stab: Distracted        ||     1
       Sleeping          ||     1
Armor: Leather armour    ||    11
Dodge: Dodged            ||    15

Table legend: (Time is in decaauts)
 A = Elapsed time spent in this place.
 B = Non-inter-level travel time spent in this place.
 C = Inter-level travel time spent in this place.
 D = Time resting spent in this place.
 E = Time spent auto-exploring this place.
 F = Levels seen in this place.
 G = Mean time per level.
                   A        B        C        D        E       F      G
               +--------+--------+--------+--------+--------+-----+--------+
         Total |   1140 |   1123 |     17 |      0 |    994 |   3 |  380.0 |
       Dungeon |   1140 |   1123 |     17 |      0 |    994 |   3 |  380.0 |
               +--------+--------+--------+--------+--------+-----+--------+

Top non-repeatable levels by time:
     D:1: 805 daAuts
     D:2: 264 daAuts
     D:4: 71 daAuts
